 Dungeon Crawl Stone Soup version 0.25-a0-1126-g5fd7b56c60 (webtiles) character file.

Game seed: 2500659042164144609, levelgen mode: deterministic

17187 RedPan the Grappler (level 12, -48/101 HPs)
             Began as a Ghoul Monk on May 19, 2020.
             Was a High Priest of Okawaru.
             Killed from afar by an ancient lich (50 damage)
             ... with a crystal spear
             ... on level 2 of the Abyss.
             The game lasted 00:28:46 (11893 turns).

RedPan the Grappler (Ghoul Monk)                   Turns: 11893, Time: 00:28:47

Health: -48/101    AC: 28    Str: 19    XL:     12   Next: 45%
Magic:  17/17      EV:  6    Int:  5    God:    Okawaru [*****.]
Gold:   496        SH:  5    Dex: 18    Spells: 11/11 levels left

rFire    . . .     SeeInvis +     - Unarmed
rCold    + . .     Gourm    .   z - +0 buckler
rNeg     + + +     Faith    .   l - +6 crystal plate armour of a ziggurat {+Fly SInv}
rPois    ∞         Spirit   .   (no helmet)
rElec    .         Reflect  .   f - +1 cloak
rCorr    .         Harm     .   v - +0 pair of gloves
MR       .....                  u - +0 pair of boots
Stlth    ..........             C - amulet of magic regeneration
HPRegen  0.00/turn              h - +6 ring of dexterity
MPRegen  0.40/turn              s - ring of see invisible

@: about to teleport, rotting
A: rotting body, claws 1, carnivore, cold resistance 1, negative energy
resistance 3, inhibited regeneration, torment resistance, unbreathing
a: Heroism, Finesse, Renounce Religion, Evoke Flight


You were on level 2 of the Abyss.
You worshipped Okawaru.
Okawaru was extremely pleased with you.
You were not hungry.

You visited 1 branch of the dungeon, and saw 11 of its levels.
You visited the Abyss 2 times.

You collected 706 gold pieces.
You spent 210 gold pieces at shops.

Inventory:

Hand Weapons
 j - the +10 bardiche of Wyrd {venom, MR+, unknown}
   (Okawaru gifted it to you on level 2 of the Abyss)

   It poisons the flesh of those it strikes.
   It affects your resistance to hostile enchantments.
Missiles
 e - 15 javelins (quivered)
Armour
 f - a +1 cloak (worn)
 l - the +6 crystal plate armour of a ziggurat (worn) {+Fly SInv}
   (Okawaru gifted it to you on level 10 of the Dungeon)

   It lets you see invisible.
   It lets you fly.
 p - a +3 leather armour of magic resistance
 q - quicksilver dragon scales
 u - a +0 pair of boots (worn)
 v - a +0 pair of gloves (worn)
 z - a +0 buckler (worn)
Jewellery
 h - a +6 ring of dexterity (left hand)
 s - a ring of see invisible (right hand)
 C - an amulet of magic regeneration (around neck)
Wands
 a - a wand of polymorph (13)
 i - a wand of clouds (2)
 m - a wand of disintegration (27)
Scrolls
 g - 2 scrolls of enchant weapon
 k - a scroll of enchant armour
 o - 2 scrolls of amnesia
 x - a scroll of magic mapping
 y - 2 scrolls of identify
 E - a scroll of fog
Potions
 c - 3 potions of brilliance
 d - 2 potions of magic
 n - a potion of heal wounds
 r - a potion of curing
Miscellaneous
 w - a box of beasts
Comestibles
 b - 21 rations


   Skills:
 + Level 7.8 Fighting
 + Level 5.6 Armour
 + Level 9.2 Dodging
 - Level 2.1 Stealth
 - Level 4.0 Shields
 + Level 13.2 Unarmed Combat
 - Level 9.0 Invocations


You had 11 spell levels left.
You didn't know any spells.
Your spell library contained the following spells:

 Spells                   Type           Power        Failure   Level  Hunger
 Magic Dart               Conj           #...         100%        1    ##.....
 Blink                    Tloc           N/A          100%        2    ###....
 Call Imp                 Summ           #.......     100%        2    ###....
 Slow                     Hex            #.......     100%        2    ###....
 Conjure Flame            Conj/Fire      #.......     100%        3    ####...
 Mephitic Cloud           Conj/Pois/Air  #.......     100%        3    ####...


Dungeon Overview and Level Annotations

Branches:
Dungeon (11/15)            Temple (0/1) D:5             Orc (0/2) D:10
   Lair: D:8-11

Altars:
Ashenzari
Dithmenos
Elyvilon
Fedhas
Gozag
Kikubaaqudgha
Makhleb
Okawaru
Yredelemnul
The Shining One

Shops:
D:7 =   D:8 }

Annotations:
D:11 Sonja


Innate Abilities, Weirdness & Mutations

Your body is rotting away.
You thrive on raw meat.
You are immune to poison.
You have sharp fingernails.
You are carnivorous and can eat meat at any time.
Your flesh is cold resistant. (rC+)
You are immune to negative energy. (rN+++)
You do not regenerate when monsters are visible.
You are immune to unholy pain and torment.
You can survive without breathing.


Message History

* * * LOW HITPOINT WARNING * * *
The Executioner hits you but does no damage. x2
The Executioner hits you.
* * * LOW HITPOINT WARNING * * *
The Executioner hits you but does no damage.
The Executioner hits you.
* * * LOW HITPOINT WARNING * * *
The Executioner hits you but does no damage.
The Executioner completely misses you.
The Executioner hits you but does no damage.
The ancient lich touches you but does no damage.
You feel better. The Executioner hits you!
* * * LOW HITPOINT WARNING * * *
The Executioner hits you but does no damage. x2
The Executioner hits you!
* * * LOW HITPOINT WARNING * * *
The Executioner hits you but does no damage. x2
The ancient lich gestures at you while chanting.
The crystal spear hits you!!!
You die...

.##. # ... ##.#.# ...
.. . #....# ..##.. .
. # ...#. . #....####
... # # .#..#....##
..## .# .
......#.##.####..##.#
# ..## ##.##...1X#..#
#. # . #.....@#.#. #
## .##...§#.##L..#
#....## # #.#...#
#..# ...#.#...# #...
... ##.##.# . . .# ..
#.# . ## ... §# .
#.§#


You could see an ancient lich (fast), a tentacled starspawn and an Executioner
(fast).

Vanquished Creatures
  A bone dragon (Abyss:1)
  Harold (D:8)
  A two-headed ogre (D:10)
  Erica (D:8)
  A wretched star (Abyss:1)
  An unseen horror (D:10)
  Joseph (D:8)
  A smoke demon (Abyss:1)
  Psyche (D:9)
  Maurice (D:9)
  A troll (D:10)
  An ancient zyme (Abyss:1)
  Grinder (D:4)
  A large abomination (Abyss:1)
  2 hippogriffs (D:7)
  4 flying skulls (Abyss:2)
  Sigmund (D:6)
  A redback (D:9)
  A ynoxinul (Abyss:1)
  Grum (D:8)
  A human (D:8)
  13 yaks
  3 hogs (D:8)
  A small abomination (Abyss:1)
  Edmund (D:5)
  A soldier ant (D:9)
  2 slaves (D:8)
  An ice beast (D:9)
  A black bear (D:7)
  5 orc warriors
  2 sky beasts
  A phantom (D:7)
  6 ogres
  3 wolves (D:8)
  An eye of draining (D:10)
  2 centaurs
  A crocodile (D:10)
  4 big kobolds (D:10)
  5 bullfrogs
  2 gnoll sergeants
  4 scorpions
  3 wights (D:10)
  An electric eel (D:11)
  3 howler monkeys (D:9)
  2 crimson imps
  A centaur zombie (D:7)
  2 bullfrog zombies
  3 hounds
  6 orc priests
  A bullfrog skeleton (D:6)
  3 jellies
  Crazy Yiuf (D:7)
  Ijyb (D:5)
  A centaur skeleton (D:8)
  8 orc wizards
  10 iguanas
  6 worker ants
  Natasha (thrice) (D:2)
  A killer bee zombie (D:6)
  2 hound zombies
  A howler monkey zombie (D:6)
  A worker ant zombie (D:6)
  12 gnolls
  7 adders
  A river rat (D:4)
  A shadow imp (D:10)
  A white imp (Abyss:2)
  An ufetubus (Abyss:2)
  2 oozes
  3 worms
  2 leopard geckos
  49 orcs
  3 bats
  8 giant cockroaches
  12 goblins
  7 hobgoblins
  19 jackals
  10 quokkas
  A ball python (D:4)
  5 frilled lizards
  A jackal zombie (D:8)
  11 kobolds
  2 leopard gecko skeletons
  A quokka zombie (D:6)
  4 rats
  A spectral orc (D:7)
308 creatures vanquished.

Vanquished Creatures (others)
  Pikel (D:8)
  A plant (D:4)
  4 toadstools (D:2)
6 creatures vanquished.

Grand Total: 314 creatures vanquished

Notes
Turn   | Place    | Note
-------+----------+-------------------------------------------
     0 | D:1      | RedPan the Ghoul Monk began the quest for the Orb.
     0 | D:1      | Reached XP level 1. HP: 19/19 MP: 0/0
   260 | D:1      | Reached XP level 2. HP: 24/26 MP: 1/1
   561 | D:1      | Reached skill level 4 in Unarmed Combat
   824 | D:1      | Reached XP level 3. HP: 29/31 MP: 2/2
  1065 | D:2      | Noticed Natasha
  1078 | D:2      | Killed Natasha
  1363 | D:2      | Reached skill level 5 in Unarmed Combat
  1364 | D:2      | Reached XP level 4. HP: 35/38 MP: 3/3
  1422 | D:2      | Noticed Natasha
  1435 | D:2      | Killed Natasha
  1564 | D:2      | Noticed Natasha
  1575 | D:2      | Killed Natasha
  1575 | D:2      | Reached XP level 5. HP: 45/45 MP: 4/4
  1838 | D:3      | Reached skill level 6 in Unarmed Combat
  1846 | D:3      | Found a glowing golden altar of the Shining One.
  2348 | D:3      | Found an iron altar of Okawaru.
  2378 | D:3      | Became a worshipper of Warmaster Okawaru
  2378 | D:3      | Reached * piety under Okawaru
  2378 | D:3      | Reached ** piety under Okawaru
  2474 | D:4      | Found a glowing drain.
  2491 | D:4      | Reached skill level 1 in Invocations
  2538 | D:4      | Reached XP level 6. HP: 43/51 MP: 4/6
  2624 | D:4      | Reached skill level 7 in Unarmed Combat
  2786 | D:4      | Found an opulent altar of Gozag.
  3165 | D:4      | Found a blossoming altar of Fedhas.
  3265 | D:4      | Reached XP level 7. HP: 53/57 MP: 8/8
  3808 | D:5      | Entered Level 5 of the Dungeon
  3808 | D:5      | Noticed Grinder
  3821 | D:4      | Killed Grinder
  3821 | D:4      | Reached *** piety under Okawaru
  3821 | D:4      | Reached skill level 8 in Unarmed Combat
  3874 | D:5      | Found an iron altar of Okawaru.
  3885 | D:5      | You fall into a shaft and drop 3 floors!
  4075 | D:8      | Noticed Joseph
  4091 | D:8      | Killed Joseph
  4091 | D:8      | Reached skill level 9 in Unarmed Combat
  4091 | D:8      | Reached XP level 8. HP: 53/63 MP: 9/11
  4371 | D:7      | Reached skill level 1 in Armour
  4460 | D:7      | Noticed a hippogriff
  4473 | D:7      | Killed a hippogriff
  4494 | D:7      | Reached **** piety under Okawaru
  4558 | D:7      | Found a basalt altar of Yredelemnul.
  4616 | D:6      | Noticed Sigmund
  4737 | D:7      | Reached XP level 9. HP: 66/70 MP: 13/13
  4777 | D:7      | Found Gos Ziuh's Jewellery Shoppe.
  4781 | D:7      | Bought an uncursed ring of see invisible for 210 gold
                  | pieces
  5207 | D:6      | Found a white marble altar of Elyvilon.
  5225 | D:6      | Killed Sigmund
  5225 | D:6      | Reached skill level 10 in Unarmed Combat
  5308 | D:5      | Found a shadowy altar of Dithmenos.
  5308 | D:5      | Noticed Edmund
  5317 | D:5      | Killed Edmund
  5343 | D:5      | Found a burning altar of Makhleb.
  5505 | D:5      | Found a shattered altar of Ashenzari.
  5516 | D:5      | Found a staircase to the Ecumenical Temple.
  5575 | D:5      | Noticed Ijyb
  5706 | D:5      | Killed Ijyb
  5958 | D:6      | Reached skill level 5 in Dodging
  6143 | D:5      | Got an ancient robe
  6169 | D:6      | Identified the cursed +1 robe "Aciri Nit" {MR+ Str-3 Dex+2
                  | Stlth+} (You found it on level 5 of the Dungeon)
  6952 | D:7      | Found a runed translucent door.
  6953 | D:7      | Noticed Crazy Yiuf
  7177 | D:7      | Killed Crazy Yiuf
  7424 | D:8      | Noticed Harold
  7427 | D:8      | Noticed Grum
  7462 | D:8      | Killed Harold
  7462 | D:8      | Reached ***** piety under Okawaru
  7462 | D:8      | Reached XP level 10. HP: 37/77 MP: 15/15
  7471 | D:8      | Killed Grum
  7654 | D:8      | Found an ancient bone altar of Kikubaaqudgha.
  7834 | D:8      | Reached skill level 11 in Unarmed Combat
  7844 | D:8      | Noticed Erica
  7860 | D:8      | Killed Erica
  7860 | D:8      | Reached skill level 1 in Shields
  8247 | D:8      | Noticed Pikel
  8270 | D:8      | Killed Pikel
  8361 | D:8      | Found Ashroac's Gadget Boutique.
  9175 | D:9      | Noticed Maurice
  9176 | D:9      | Noticed Psyche
  9195 | D:9      | Killed Psyche
  9195 | D:9      | Reached XP level 11. HP: 63/82 MP: 9/16
  9218 | D:9      | Killed Maurice
  9218 | D:9      | Received a gift from Okawaru
  9544 | D:9      | Found a transporter.
  9548 | D:9      | Found a transporter.
  9548 | D:9      | Found an opulent altar of Gozag.
  9801 | D:9      | Reached skill level 12 in Unarmed Combat
  9822 | D:9      | Got an ancient scale mail
  9845 | D:9      | Identified the cursed +1 scale mail of Jaehun {+Fly} (You
                  | found it on level 9 of the Dungeon)
  9882 | D:10     | Entered Level 10 of the Dungeon
 10159 | D:10     | Noticed an unseen horror
 10188 | D:10     | Killed an unseen horror
 10188 | D:10     | Reached ****** piety under Okawaru
 10188 | D:10     | Reached skill level 5 in Fighting
 10500 | D:10     | Got a slimy helmet
 10506 | D:10     | Identified the +0 helmet of the Cast Vote {Harm MR- Str+6
                  | Stlth+} (You found it on level 10 of the Dungeon)
 10547 | D:10     | Noticed a two-headed ogre
 10555 | D:10     | Killed a two-headed ogre
 10667 | D:10     | Found a white marble altar of Elyvilon.
 10790 | D:10     | Received a gift from Okawaru
 10821 | D:10     | Got a twisted crystal plate armour {god gift}
 10833 | D:10     | Identified the +6 crystal plate armour of a ziggurat {+Fly
                  | SInv} (Okawaru gifted it to you on level 10 of the Dungeon)
 11091 | D:10     | Found a staircase to the Orcish Mines.
 11261 | D:11     | Noticed Sonja
 11263 | D:11     | Cast into level 1 of the Abyss (Sonja)
 11382 | Abyss:1  | Noticed a tentacled starspawn
 11405 | Abyss:1  | Found a corrupted altar of Lugonu.
 11454 | Abyss:1  | Noticed a wretched star
 11476 | Abyss:1  | Killed a wretched star
 11476 | Abyss:1  | Reached XP level 12. HP: 72/97 MP: 17/17
 11520 | Abyss:1  | Noticed a bone dragon
 11553 | Abyss:1  | Killed a bone dragon
 11553 | Abyss:1  | Reached skill level 5 in Armour
 11553 | Abyss:1  | Reached skill level 13 in Unarmed Combat
 11603 | Abyss:1  | Found an opulent altar of Gozag.
 11643 | D:11     | Escaped the Abyss
 11674 | D:11     | Cast into level 2 of the Abyss (Sonja)
 11674 | Abyss:2  | Found a corrupted altar of Lugonu.
 11858 | Abyss:2  | Received a gift from Okawaru
 11864 | Abyss:2  | Got an ancient bardiche {god gift}
 11882 | Abyss:2  | Noticed an Executioner
 11886 | Abyss:2  | Noticed an ancient lich
 11890 | Abyss:2  | Noticed a tentacled starspawn
 11893 | Abyss:2  | HP: 2/101 [Executioner (7)]
 11893 | Abyss:2  | Killed from afar by an ancient lich

Illustrated notes

Levels and vault maps discovered:
D:1:      lordsloth_arrival_two_stooges, layout_basic, kennysheep_pointless_box
D:2:      layout_basic, first_ration, chequers_serial_rivers_small_b,
          minmay_gold_behind_fungi, uniq_natasha
D:3:      layout_loops_ring, nicolae_tso_carved_into_rock,
          okawaru_altar_gauntlet_db
D:4:      corexii_shantytown, layout_rooms, fedhas_ov_isle_minmay,
          portal_sewer_entry_a, grunt_gozag_breadcrumbs
D:5:      layout_rooms, nicolae_overflow_quartered_altars,
          minmay_temple_entry_drinking_statues, kennysheep_opposing_triangles,
          uniq_grinder, uniq_edmund, uniq_ijyb
D:6:      layout_cave_pools, elyvilon_altar_5, uniq_sigmund
D:7:      layout_loops_ring, yredelemnul_forgotten_temple_becter, serial_shops,
          nicolae_shop_crystal, uniq_crazy_yiuf_cottage
D:8:      layout_basic, palyth_temple_overflow_mages, serial_shops,
          nicolae_shop_waterfront, grunt_livestock, uniq_grum, uniq_harold,
          uniq_erica, uniq_pikel, uniq_joseph
D:9:      layout_irregular_city, gammafunk_temple_overflow_arena, uniq_psyche,
          uniq_maurice
D:10:     layout_loops_corners, kennysheep_orc_monster_closet_entryway,
          basic_altar
D:11:     layout_big_octagon, minmay_lair_entry_grove,
          hangedman_abyss_or_decor_stagger, uniq_sonja
Abyss:2:  base:
D:2

Skill      XL: |  1  2  3  4  5  6  7  8  9 10 11 12 |
---------------+-------------------------------------+-----
Dodging        | 3 5 7 8 9 |  9.2
Unarmed Combat | 4 5 6 7 9 10 11 12 13 | 13.2
Invocations    | 2 3 6 8 9 |  9.0
Armour         | 2 4 5 |  5.6
Shields        | 3 4 |  4.0
Fighting       | 6 7 |  7.8
Stealth        | |  2.1

Action                   |  1- 3 |  4- 6 |  7- 9 | 10-12 || total
-------------------------+-------+-------+-------+-------++-------
Melee: Unarmed           |    93 |   166 |   425 |   570 ||  1254
       Punch             |     1 |     8 |    23 |    16 ||    48
Invok: Heroism           |       |       |     2 |    15 ||    17
       Finesse           |       |       |       |     4 ||     4
Evoke: Wand              |       |       |       |     1 ||     1
  Use: Scroll            |     2 |     6 |     5 |    10 ||    23
       Potion            |       |       |     6 |     6 ||    12
 Stab: Sleeping          |     2 |     4 |    10 |     7 ||    23
       Distracted        |       |     2 |       |     1 ||     3
       Invisible         |       |       |     2 |       ||     2
  Eat: Chunk             |     6 |     5 |    18 |    42 ||    71
       Ration            |       |       |       |     1 ||     1
Armor: Robe              |    10 |       |     3 |    27 ||    40
       Leather armour    |     7 |    47 |     5 |       ||    59
       Quicksilver drago |       |       |   112 |    34 ||   146
       Crystal plate arm |       |       |       |   179 ||   179
Dodge: Dodged            |    55 |   102 |   275 |   252 ||   684
Block: Buckler           |       |       |       |    93 ||    93

Table legend:
 A = Non-vault XP
 B = Vault XP
 C = Vault XP percentage of total XP
 D = Non-vault monster count
 E = Vault monster count
 F = Vault count percentage of total count
                 A         B        C        D         E       F
            +---------+---------+-------+---------+---------+-------
      Total |   16550 |    8003 |  32.6 |     221 |      85 |  27.8
            +---------+---------+-------+---------+---------+-------
        D:1 |      36 |       0 |   0.0 |      18 |       0 |   0.0
        D:2 |     104 |      33 |  24.1 |      14 |       1 |   6.7
        D:3 |      21 |      47 |  69.1 |       7 |       6 |  46.2
        D:4 |     367 |     399 |  52.1 |      27 |      33 |  55.0
        D:5 |     235 |     213 |  47.5 |      13 |       4 |  23.5
        D:6 |     644 |     220 |  25.5 |      27 |       1 |   3.6
        D:7 |    1421 |      42 |   2.9 |      28 |       2 |   6.7
        D:8 |     660 |    3953 |  85.7 |      24 |      13 |  35.1
        D:9 |    1005 |    1382 |  57.9 |      19 |       5 |  20.8
       D:10 |    4887 |    1714 |  26.0 |      25 |      20 |  44.4
       D:11 |     137 |       0 |   0.0 |       6 |       0 |   0.0
    Abyss:1 |    6085 |       0 |   0.0 |       7 |       0 |   0.0
    Abyss:2 |     948 |       0 |   0.0 |       6 |       0 |   0.0
            +---------+---------+-------+---------+---------+-------
